 Dungeon Crawl Stone Soup version 0.28-a0-556-gab23d0e057 (webtiles) character file.

Game seed: 3703915721697672260

198 Rennog the Skirmisher (level 6, -2/51 HPs)
             Began as a Formicid Fighter on Sept 28, 2021.
             Was an Initiate of Okawaru.
             Slain by Grinder (5 damage)
             ... on level 3 of the Dungeon.
             The game lasted 00:03:25 (2534 turns).

Rennog the Skirmisher (Formicid Fighter)            Turns: 2534, Time: 00:03:26

Health: -2/51      AC:  7    Str: 20    XL:     6   Next: 6%
Magic:  6/6        EV:  9    Int:  8    God:    Okawaru [......]
Gold:   78         SH:  5    Dex: 12    Spells: 5/5 levels left

rFire   . . .      SeeInvis +   a - +0 rapier
rCold   . . .      Faith    .   c - +0 buckler
rNeg    . . .      Spirit   .   b - +0 scale mail
rPois   .          Reflect  .   (helmet unavailable)
rElec   .          Harm     .   (no cloak)
rCorr   .          Rampage  .   (no gloves)
Will    .....                   (no boots)
Stlth   ..........              (no amulet)
HPRegen 0.17/turn               (no ring)
MPRegen 0.10/turn               (no ring)

@: mighty
A: permanent stasis, dig shafts and tunnels, antennae 3, four strong arms
a: Dig, Shaft Self, Renounce Religion


You were on level 3 of the Dungeon.
You worshipped Okawaru.
Okawaru was noncommittal.
You visited 2 branches of the dungeon, and saw 5 of its levels.

You collected 78 gold pieces.

Inventory:

Hand Weapons
 a - a +0 rapier (weapon)
Armour
 b - a +0 scale mail (worn)
 c - a +0 buckler (worn)
Scrolls
 g - a scroll of magic mapping {unknown}
 h - 2 scrolls of identify {unknown}
 i - 2 scrolls of immolation {unknown}
 l - a scroll of teleportation {unknown}
 o - a scroll of enchant weapon {unknown}
 p - a scroll of amnesia {unknown}
 q - a scroll of noise {unknown}
 r - a scroll of enchant armour {unknown}
Potions
 e - 4 potions of curing {unknown}
 f - 3 potions of haste {unknown}
 j - a potion of berserk rage {unknown}
 k - a potion of attraction {unknown}
 m - 2 potions of invisibility {unknown}
 n - 2 potions of heal wounds {unknown}
 s - a potion of brilliance {unknown}


   Skills:
 * Level 5.4 Fighting
 - Level 2.0 Short Blades
 + Level 4.4 Armour
 + Level 4.9 Shields


You had 5 spell levels left.
You didn't know any spells.
Your spell library was empty.

Dungeon Overview and Level Annotations

Branches:
Dungeon (4/15)             Temple (1/1) D:4

Altars:
Ashenzari
Cheibriados
Dithmenos
Elyvilon
Fedhas
Gozag
Hepliaklqana
Kikubaaqudgha
Makhleb
Nemelex Xobeh
Okawaru
Ru
Sif Muna
Trog
Uskayaw
Vehumet
Wu Jian
Xom
Yredelemnul
Zin
The Shining One

Shops:
D:3 [

Annotations:
D:3 Grinder


Innate Abilities, Weirdness & Mutations

You cannot be hasted, slowed, berserked, paralysed or teleported.
You can dig through walls and to a lower floor.
You have a pair of large antennae on your head. (SInv)
Your four strong arms can wield two-handed weapons with a shield.


Message History

You barely miss Grinder.
Grinder is moderately wounded.
Grinder hits you.
You writhe in agony.
You are too injured to fight recklessly!
You hit Grinder but do no damage.
Grinder is moderately wounded.
Grinder says, "Make like a tree!"
Grinder hits you.
Okay, then.
You feel very mighty all of a sudden. Grinder gestures at you.
You struggle to resist.
You puncture Grinder!
Grinder is heavily wounded.
Grinder barely misses you.
You closely miss Grinder.
Grinder is heavily wounded.
Grinder barely misses you.
Grinder blinks!
You hit Grinder.
Grinder is severely wounded.
Grinder hits you.
* * * LOW HITPOINT WARNING * * *
You writhe in agony.
* * * LOW HITPOINT WARNING * * *
You barely miss Grinder.
Grinder is severely wounded.
Grinder barely misses you.
You closely miss Grinder.
Grinder is severely wounded.
Grinder completely misses you.
You closely miss Grinder.
Grinder is severely wounded.
Grinder hits you.
* * * LOW HITPOINT WARNING * * *
You puncture Grinder!
Grinder is almost dead.
Grinder hits you.
* * * LOW HITPOINT WARNING * * *
You writhe in agony.
You die...

>..# .#.#.# ......#
#.#.#.#
########......#
...####.......#.#.#.#
#..................#
#.5.###.@5....#.#.#.#
. #.............#
#.......#.#.#.#
#.............# #.#.#
#.......#.#.#.# #...#
##.....[.......#
#..###...######.#.#.#
#..(...############.#
#.##...............#


You could see Grinder.

Vanquished Creatures
  A bullfrog skeleton (D:4)
  Jessica (D:2)
  An iguana (D:4)
  Natasha (D:2)
  Robin (D:2)
  A hound skeleton (D:4)
  An adder (D:4)
  A worm (D:3)
  3 dart slugs
  3 endoplasms
  3 giant cockroaches (D:1)
  12 goblins
  4 hobgoblins
  4 jackals (D:2)
  3 ball pythons
  A bat (D:2)
  A frilled lizard (D:1)
  3 kobolds
  3 rats
48 creatures vanquished.

Notes
Turn   | Place    | Note
-------+----------+-------------------------------------------
     0 | D:1      | Rennog the Formicid Fighter began the quest for the Orb.
     0 | D:1      | Reached XP level 1. HP: 18/18 MP: 1/1
   191 | D:1      | Reached XP level 2. HP: 22/24 MP: 2/2
   729 | D:2      | Noticed Jessica
   743 | D:2      | Killed Jessica
   744 | D:2      | Reached skill level 4 in Fighting
   744 | D:2      | Reached XP level 3. HP: 17/30 MP: 3/3
   944 | D:2      | Reached XP level 4. HP: 34/37 MP: 4/4
   990 | D:2      | Noticed Robin
  1019 | D:2      | Killed Robin
  1576 | D:2      | Noticed Natasha
  1583 | D:2      | Killed Natasha
  1584 | D:2      | Reached XP level 5. HP: 32/43 MP: 5/5
  1659 | D:2      | You fall into a shaft and drop 2 floors!
  1685 | D:4      | Found a staircase to the Ecumenical Temple.
  1705 | D:4      | Reached skill level 5 in Fighting
  1715 | Temple   | Entered the Ecumenical Temple
  1835 | Temple   | Became a worshipper of Warmaster Okawaru
  2222 | D:4      | Reached XP level 6. HP: 46/51 MP: 6/6
  2423 | D:3      | Found Gyikhek's Antique Armour Shop.
  2514 | D:3      | Noticed Grinder
  2534 | D:3      | Slain by Grinder

Illustrated notes

Levels and vault maps discovered:
D:1:      eino_arrival_water_cross, layout_loops_cross
D:2:      layout_loops_ring, hellmonk_ecumenical_altar_arch_garden,
          due_unseen_surprise, uniq_jessica, uniq_robin, uniq_natasha
D:3:      layout_rooms, serial_shops, shop, minmay_misc_feat_columns,
          grunt_decor_fettered, st_stairs_13, uniq_grinder, uniq_ijyb
D:4:      layout_cave_pods, minmay_temple_entry_antechambers,
          minmay_close_crescents
Temple:   kilobyte_greek_temple

Skill      XL: |  1  2  3  4  5 |
---------------+----------------+-----
Fighting       | 4 5 |  5.4
Shields        | 4 |  4.9
Armour         | 4 |  4.4
Short Blades   | |  2.0

Action                   |  1- 3 |  4- 6 || total
-------------------------+-------+-------++-------
Melee: Rapier            |    63 |   125 ||   188
 Abil: Dig               |       |     1 ||     1
  Use: Potion            |       |     1 ||     1
Armor: Scale mail        |    17 |    40 ||    57
Dodge: Dodged            |    24 |    55 ||    79
Block: Buckler           |    15 |    25 ||    40

Table legend: (Time is in decaauts)
 A = Elapsed time spent in this place.
 B = Non-inter-level travel time spent in this place.
 C = Inter-level travel time spent in this place.
 D = Time resting spent in this place.
 E = Time spent auto-exploring this place.
 F = Levels seen in this place.
 G = Mean time per level.
                   A        B        C        D        E       F      G
               +--------+--------+--------+--------+--------+-----+--------+
         Total |   2552 |   2442 |    110 |      0 |   2047 |   5 |  510.4 |
       Dungeon |   2397 |   2323 |     74 |      0 |   1940 |   4 |  599.2 |
        Temple |    154 |    118 |     36 |      0 |    107 |   1 |  154.0 |
               +--------+--------+--------+--------+--------+-----+--------+

Top non-repeatable levels by time:
     D:2: 957 daAuts
     D:1: 715 daAuts
     D:4: 557 daAuts
     D:3: 168 daAuts
  Temple: 154 daAuts
